 Dungeon Crawl Stone Soup version 0.29.1-15-g9cfb28693d (webtiles) character file.

Game seed: 7358046458322680104

4426 strifetoe the Martial Artist (level 10, -1/77 HPs)
             Began as a Meteoran Earth Elementalist on Nov 9, 2023.
             Was an Initiate of Ashenzari.
             Slain by an orc warrior
             ... wielding a +0 battleaxe
              (18 damage)
             ... on level 10 of the Dungeon.
             The game lasted 00:20:22 (4364 turns).

strifetoe the Martial Artist (MeEE)                 Turns: 4364, Time: 00:20:23

Health: -1/77      AC:  4    Str: 16    XL:     10   Next: 93%
Magic:  14/22      EV: 13    Int: 20    God:    Ashenzari [......]
Gold:   483        SH:  5    Dex: 15    Spells: 14/23 levels left

rFire   . . .      SeeInvis +     - Unarmed
rCold   . . .      Faith    .   (shield currently unavailable)
rNeg    + + .      Spirit   .   e - +0 robe
rPois   +          Reflect  +   h - +1 helmet
rElec   .          Harm     .   (no cloak)
rCorr   +          Rampage  .   (gloves currently unavailable)
Will    ++...                   (no boots)
Stlth   +.........              q - amulet of Cafem {Reflect rPois rN+ SH+5 Stlth-}
HPRegen 0.22/turn               o - ring of willpower
MPRegen 0.18/turn               u - ring "Duif" {rN+ rCorr Str+5 SInv}

@: blade hands, glowing, studying Unarmed Combat
A: sense surroundings 2, otherworldly, glowing, explore regen
a: End Transformation, Renounce Religion, Curse Item


You were on level 10 of the Dungeon.
You worshipped Ashenzari.
Ashenzari was noncommittal.
You had blades for hands.
You visited 2 branches of the dungeon, and saw 11 of its levels.

You collected 483 gold pieces.

Inventory:

Hand Weapons
 f - a +1 vorpal short sword
 A - a +2 war axe of electrocution
Missiles
 l - a throwing net
Armour
 e - a +0 robe (worn)
 h - a +1 helmet (worn)
Magical Staves
 a - a staff of earth (melded)
Jewellery
 n - an amulet of magic regeneration
 o - a ring of willpower (left blade hand)
 q - the amulet of Cafem (around neck) {Reflect rPois rN+ SH+5 Stlth-}
   (You found it on level 8 of the Dungeon)

   [amulet of reflection]

   It reflects blocked missile attacks.
   rPois:     It protects you from poison.
   rN:        It protects you from negative energy.
   SH:        It affects your SH (+5).
   Stlth:     It makes you less stealthy.
 u - the ring "Duif" (right blade hand) {rN+ rCorr Str+5 SInv}
   (You found it on level 4 of the Dungeon)

   [ring of see invisible]

   Str:       It affects your strength (+5).
   rN:        It protects you from negative energy.
   SInv:      It lets you see invisible.
   rCorr:     It protects you from acid and corrosion.
 y - an amulet of regeneration
Wands
 r - a wand of flame (27)
Scrolls
 d - a scroll of teleportation
 p - a scroll of silence
 t - a scroll of enchant weapon
 x - a scroll of vulnerability
Potions
 b - a potion of magic
 c - 2 potions of berserk rage
 g - a potion of curing
 i - 2 potions of might
 j - a potion of invisibility {unknown}
 k - a potion of brilliance
 m - 2 potions of ambrosia
 v - a potion of attraction
 z - a potion of mutation
 D - a potion of degeneration


   Skills:
 - Level 3.3 Fighting
 - Level 1.6 Staves
 - Level 4.2 Armour
 - Level 4.2 Dodging
 - Level 1.5 Stealth
 + Level 9.8 Unarmed Combat
 - Level 7.4 Spellcasting
 - Level 8.1 Conjurations
 + Level 7.6 Transmutations
 - Level 7.1 Earth Magic


You had 14 spell levels left.
You knew the following spells:

 Your Spells              Type           Power      Damage    Failure   Level
a - Sandblast             Erth           72%        2d16      12%         1
b - Stone Arrow           Conj/Erth      76%        3d11      16%         3
c - Blade Hands           Tmut           19%        N/A       47%         5

Your spell library contained the following spells:

 Spells                   Type           Power      Damage    Failure   Level
 Passwall                 Tmut/Erth      30%        N/A       13%         2
 Petrify                  Tmut/Erth      37%        N/A       30%         4
 Spider Form              Tmut/Pois      22%        N/A       34%         3
 Ensorcelled Hibernation  Hex/Ice        14%        N/A       54%         2
 Animate Armour           Summ/Erth      42%        N/A       63%         4
 Leda's Liquefaction      Hex/Erth       10%        N/A       63%         4
 Call Canine Familiar     Summ           7%         N/A       69%         3
 Gell's Gravitas          Tloc           7%         N/A       69%         3
 Lesser Beckoning         Tloc           7%         N/A       69%         3
 Portal Projectile        Hex/Tloc       14%        N/A       69%         3
 Swiftness                Air            7%         N/A       69%         3
 Teleport Other           Tloc           7%         N/A       69%         3
 Iron Shot                Conj/Erth      19%        9d4       88%         6
 Anguish                  Hex/Necr       3%         N/A       94%         4


Dungeon Overview and Level Annotations

Branches:
Dungeon (10/15) Zot: 1584  Temple (1/1) D:7 Zot: 583
   Lair: D:8-11         Orc: D:9-12

Altars:
Ashenzari
Cheibriados
Dithmenos
Gozag
Makhleb
Nemelex Xobeh
Trog
Vehumet
Xom
Zin

Annotations:
D:3 2 transporters
D:8 Prince Ribbit


Innate Abilities, Weirdness & Mutations

You have blades for hands.
Your spellcasting is less reliable in this form.
You are incapable of wielding weapons or throwing items.
You passively map the area around you.
You are easily found by Zot.
You glow in the dark.
You regain HP and MP as you explore.


Message History

You slice the orc wizard!!
You kill the orc wizard!
Unknown command.
The kobold throws a stone.
The stone closely misses you.
There is a stone staircase leading up here.
There is an open door here.
You see here a vampire mosquito corpse.
As you close the door, pushing everything out of the way, it creaks loudly!
A kobold opens the door.
Things that are here:
a vampire mosquito corpse; a vampire mosquito corpse You barely miss the kobold.
The kobold hits you with a +0 whip. x2
You barely miss the kobold. You block the kobold's attack.
The kobold closely misses you.
Unknown command.
You slash the kobold!
You kill the kobold!
You block the kobold's attack.
You slice the kobold!!
You kill the kobold!
You slice the kobold!!
You kill the kobold!
A kobold brigand is nearby!
You open the door. You slice the kobold brigand!!
The kobold brigand is severely wounded.
The kobold brigand hits you with a +0 short sword!
You hit the kobold brigand.
The kobold brigand is almost dead.
The kobold brigand hits you but does no damage.
You slice the kobold brigand!!
You kill the kobold brigand!
The orc priest calls down the wrath of Beogh upon you.
Beogh smites you!
* * * LOW HITPOINT WARNING * * *
Unknown command.
You slash the orc warrior!
The orc warrior is moderately wounded.
The orc warrior hits you with a +0 battleaxe!!
You die...

* , ,+ * *** , , **
*.# ,, , , * .# , , ,
.. , .# , , , ,
,...'###### .# ,*,, ,
......<.K#####*.# ,
,.......oKK.K<# .# #
, ,
.........###.##'###.#
, ,, ##.....l.#
#.#@.....## * * *
#.......# #oo).......
, , +.......#
###........, *
#.......# #........,
, #.......# #########
* * #########


You could see an orc warrior and an orc priest.

Vanquished Creatures
  A cyclops (D:9)
  An unseen horror (D:10)
  A hornet (D:7)
  Sigmund (D:3)
  3 yaks (D:9)
  3 vampire mosquitoes (D:10)
  Menkaure (D:4)
  Duvessa (D:7)
  A water moccasin (D:8)
  An orc warrior (D:8)
  4 ogres
  2 centaurs
  A bullfrog (D:8)
  3 kobold brigands
  A gnoll sergeant (D:8)
  A scorpion (D:5)
  Dowan (D:7)
  4 killer bees
  A howler monkey (D:9)
  3 jellies
  9 orc priests
  4 hounds
  An iguana (D:5)
  Natasha (D:4)
  4 orc wizards
  7 adders
  13 gnolls
  An ufetubus (D:5)
  2 worms
  15 orcs
  14 endoplasms
  A giant cockroach (D:2)
  4 goblins
  2 hobgoblins (D:1)
  2 quokkas
  5 ball pythons
  5 bats
  2 frilled lizards (D:1)
  14 kobolds
  2 rats (D:1)
143 creatures vanquished.

Vanquished Creatures (collateral kills)
  A yak (D:9)
1 creature vanquished.

Grand Total: 144 creatures vanquished

Notes
Turn   | Place    | Note
-------+----------+-------------------------------------------
     0 | D:1      | strifetoe the Meteoran Earth Elementalist began the quest
                  | for the Orb.
     0 | D:1      | Reached XP level 1. HP: 14/14 MP: 5/5
   103 | D:1      | Reached XP level 2. HP: 20/20 MP: 4/6
   240 | D:1      | You fall into a shaft and drop 1 floor!
   264 | D:2      | Reached XP level 3. HP: 26/26 MP: 4/8
   558 | D:2      | Learned a level 3 spell: Stone Arrow
   678 | D:2      | Reached skill level 5 in Earth Magic
   721 | D:1      | Reached XP level 4. HP: 33/33 MP: 9/9
  1030 | D:3      | Noticed Sigmund
  1036 | D:3      | Killed Sigmund
  1037 | D:3      | Reached XP level 5. HP: 38/38 MP: 8/13
  1037 | D:3      | Reached XP level 6. HP: 45/45 MP: 8/14
  1041 | D:3      | Found a transporter.
  1194 | D:3      | Found a transporter.
  1244 | D:4      | Identified the ring "Duif" {rN+ rCorr Str+5 SInv}
  1351 | D:4      | Found a snail-covered altar of Cheibriados.
  1366 | D:4      | Reached skill level 5 in Spellcasting
  1430 | D:4      | Noticed Natasha
  1434 | D:4      | Killed Natasha
  1520 | D:4      | Found a burning altar of Makhleb.
  1539 | D:4      | Noticed an ogre
  1542 | D:4      | Killed an ogre
  1543 | D:4      | Reached XP level 7. HP: 50/50 MP: 9/16
  1617 | D:4      | Noticed Menkaure
  1625 | D:4      | Killed Menkaure
  1626 | D:4      | Reached skill level 5 in Conjurations
  1972 | D:3      | Reached XP level 8. HP: 56/57 MP: 18/18
  2184 | D:5      | Entered Level 5 of the Dungeon
  2833 | D:7      | Noticed a hornet
  2838 | D:7      | Killed a hornet
  2839 | D:7      | Reached skill level 1 in Fighting
  2839 | D:7      | Reached skill level 1 in Armour
  2842 | D:7      | Gained mutation: You passively map the area around you.
                  | [Meteoran growth]
  2842 | D:7      | Reached XP level 9. HP: 42/67 MP: 8/21
  3464 | D:7      | Identified a scroll of acquirement
  3464 | D:7      | Acquired a staff of earth
  3512 | D:7      | Found a staircase to the Ecumenical Temple.
  3519 | Temple   | Entered the Ecumenical Temple
  3527 | Temple   | Became a worshipper of Ashenzari the Shackled
  3541 | D:7      | Noticed Duvessa
  3541 | D:7      | Noticed Dowan
  3544 | D:7      | Killed Dowan
  3547 | D:7      | Killed Duvessa
  3726 | D:7      | Reached skill level 1 in Staves
  3795 | D:8      | Reached skill level 1 in Unarmed Combat
  3814 | D:8      | Reached skill level 2 in Unarmed Combat
  3868 | D:8      | Noticed Prince Ribbit
  3919 | D:8      | Identified the amulet of Cafem {Reflect rPois rN+ SH+5
                  | Stlth-}
  3976 | D:9      | Reached skill level 3 in Unarmed Combat
  4029 | D:9      | Noticed a cyclops
  4029 | D:9      | Found a shadowy altar of Dithmenos.
  4039 | D:9      | Killed a cyclops
  4040 | D:9      | Reached skill level 5 in Unarmed Combat
  4040 | D:9      | Reached XP level 10. HP: 71/77 MP: 8/22
  4060 | D:9      | Reached skill level 5 in Transmutations
  4063 | D:9      | Reached skill level 6 in Unarmed Combat
  4144 | D:9      | Learned a level 5 spell: Blade Hands
  4179 | D:9      | Reached skill level 7 in Unarmed Combat
  4296 | D:9      | Reached skill level 8 in Unarmed Combat
  4311 | D:10     | Entered Level 10 of the Dungeon
  4321 | D:10     | Reached skill level 9 in Unarmed Combat
  4327 | D:10     | Noticed an unseen horror
  4334 | D:10     | Killed an unseen horror
  4364 | D:10     | Slain by an orc warrior

Illustrated notes

Levels and vault maps discovered:
D:1:      lemuel_arrival_room, layout_loops_ring
D:2:      layout_basic, minmay_tetromino_l2
D:3:      gammafunk_wand_slinger, layout_loops_ring,
          gammafunk_temple_overflow_claw, minmay_puff, uniq_sigmund
D:4:      layout_cave_pools, makhleb_blood_cavern_becter,
          cheibrodos_worm_habitat, uniq_natasha, uniq_eustachio, uniq_menkaure
D:5:      layout_basic, serial_park_tiny_2
D:6:      nicolae_cairo_tiling, layout_basic
D:7:      layout_basic, minmay_temple_entry_nine_rooms, hex_tiny, uniq_duvessa
D:8:      layout_loops_cross, beargit_hepliaklqana_dungeon_heroes,
          nicolae_figureground_pulse, uniq_prince_ribbit1
D:9:      layout_cave_pods, grunt_dithmenos_smoke
D:10:     layout_roguey, lemuel_tele_altar, david_orc_3
Temple:   nicolae_temple_great_sept

Skill      XL: |  1  2  3  4  5  6  7  8  9 10 |
---------------+-------------------------------+-----
Earth Magic    | 4 5 6 7 |  7.1
Spellcasting   | 4 5 6 7 |  7.4
Conjurations   | 3 4 5 7 8 |  8.1
Fighting       | 2 3 |  3.3
Armour         | 2 4 |  4.2
Dodging        | 3 4 |  4.2
Transmutations | 4 7 |  7.6
Staves         | 1 |  1.6
Unarmed Combat | 5 9 |  9.8
Stealth        | |  1.5

Action                   |  1- 3 |  4- 6 |  7- 9 | 10-12 || total
-------------------------+-------+-------+-------+-------++-------
Melee: Unarmed           |     1 |       |       |    14 ||    15
       Short sword       |     3 |       |    49 |       ||    52
       Punch             |       |       |     1 |       ||     1
       Staff             |       |       |       |     2 ||     2
 Cast: Sandblast         |    27 |    30 |    38 |    23 ||   118
       Stone Arrow       |       |     2 |    67 |    23 ||    92
       Blade Hands       |       |       |       |     1 ||     1
  Use: Scroll            |       |     4 |    21 |     1 ||    26
       Potion            |       |       |     1 |     1 ||     2
Armor: Robe              |     2 |     1 |    21 |    12 ||    36
Dodge: Dodged            |     8 |     8 |    52 |    37 ||   105
Block: Other             |       |       |     1 |    20 ||    21
       Reflection        |       |       |       |     2 ||     2
